 Dungeon Crawl Stone Soup version 0.26.0-10-g1f06aea511 (webtiles) character file.

Game seed: 17394781737860143609

434 Goblin1989 the Chopper (level 6, -3/48 HPs)
             Began as a Demonspawn Delver on Jan 20, 2021.
             Was a Believer of Cheibriados.
             Shot with an arrow by a centaur (10 damage)
             ... on level 5 of the Dungeon.
             The game lasted 00:06:48 (4559 turns).

Goblin1989 the Chopper (Demonspawn Delver)          Turns: 4559, Time: 00:06:49

Health: -3/48      AC:  6    Str: 17 (19) XL:     6   Next: 68%
Magic:  16/16      EV: 13    Int: 16 (19) God:    Cheibriados [**....]
Gold:   301        SH:  0    Dex: 19 (20) Spells: 5/5 levels left

rFire    + . .     SeeInvis .   N - +0 war axe
rCold    + + .     Faith    .   (no shield)
rNeg     . . .     Spirit   .   b - +0 leather armour
rPois    .         Reflect  .   (no helmet)
rElec    .         Harm     .   K - scarf {rC+ rF+}
rCorr    .         Rampage  .   J - +0 pair of gloves
Will     .....                  (no boots)
Stlth    +++.......             (no amulet)
HPRegen  0.16/turn              l - ring of flight
MPRegen  0.15/turn              Z - ring of magical power

@: flying, very slow
A: hooves 2, thin metallic scales 1, cold resistance 1
a: Renounce Religion, Bend Time


You were on level 5 of the Dungeon.
You worshipped Cheibriados.
Cheibriados was pleased with you.
You visited 1 branch of the dungeon, and saw 5 of its levels.

You collected 301 gold pieces.

Inventory:

Hand Weapons
 a - a +0 hand axe
 N - a +0 war axe (weapon)
Armour
 b - a +0 leather armour (worn)
 J - a +0 pair of gloves (worn)
 K - a scarf of resistance (worn)
Jewellery
 l - a ring of flight (left hand)
 Z - a ring of magical power (right hand)
Wands
 g - a wand of digging (3) {@v1}
Scrolls
 c - 2 scrolls of fog
 L - a scroll of random uselessness {unknown}
 M - 6 scrolls of magic mapping
 O - 13 scrolls of identify {unknown}
 R - 3 scrolls of amnesia {unknown}
 S - 5 scrolls of remove curse {unknown}
 W - a scroll of fear
 X - a scroll of blinking {unknown}
 Y - a scroll of noise {unknown}
Potions
 P - 3 potions of attraction
 Q - a potion of flight
 T - 3 potions of curing {@q1}


   Skills:
 + Level 3.7 Fighting
 * Level 5.0 Axes
 + Level 1.8 Armour
 + Level 2.7 Dodging
 - Level 4.5 Stealth
 + Level 2.6 Invocations


You had 5 spell levels left.
You didn't know any spells.
Your spell library was empty.

Dungeon Overview and Level Annotations

Branches:
Dungeon (5/15)
 Temple: D:4-7

Altars:
Cheibriados
Dithmenos
Kikubaaqudgha
Ru

Annotations:
D:2 1 runed translucent door, Crazy Yiuf


Innate Abilities, Weirdness & Mutations

You have hoof-like feet.
You are partially covered in thin metallic scales. (AC +2)
Your flesh is cold resistant. (rC+)


Message History

You hit the orc but do no damage. The orc hits you but does no damage.
You hit the orc. You kick the orc.
You kill the orc!
Cheibriados thoroughly appreciates the change of pace.
Cheibriados raises the support of your attributes as your movement slows.
No target in view!
No target in view!
No target in view!
No target in view!
No target in view!
No target in view!
No target in view!
No target in view!
No target in view!
No target in view!
No target in view!
No target in view!
No target in view!
No target in view!
No target in view!
No target in view!
No target in view!
No target in view!
No target in view!
No target in view!
No target in view!
No target in view!
No target in view!
No target in view!
No target in view!
No target in view!
No target in view!
Things that are here:
a +0 falchion; a +0 ring mail
Things that are here:
a +1 dagger of holy wrath; an orc corpse You feel your magic capacity increase.
Z - a ring of magical power (right hand) Magic restored.
Key pressed, stopping explore.
There is a stone staircase leading down here.
Done exploring.
MP restored: 16 Done exploring.
Done exploring.
Done exploring.
(D) Dungeon
Where to? (Enter - D:4, ? - help)
There is a stone staircase leading down here.
You climb downwards.
Level annotation: Blork the orc Blork the orc drinks a potion.
Blork the orc seems to speed up.
There is a stone staircase leading up here.
Blork the orc is nearby!
Blork the orc hits you with a +0 glaive.
Blork the orc misses you.
You take 6 damage, and have 42/48 hp.
Blork the orc looks encouraged for a moment.
The centaur wields a cursed -1 shortbow.
The centaur shoots an arrow.
The arrow closely misses you.
Blork the orc hits you with a +0 glaive!
You see here an arrow.
You take 7 damage, and have 35/48 hp.
You slash Blork the orc!
Blork the orc is heavily wounded.
Blork the orc screams, "Die!"
Blork the orc barely misses you.
The centaur shoots an arrow.
The arrow closely misses you.
You hit Blork the orc. You kick Blork the orc.
Blork the orc is severely wounded.
Blork the orc barely misses you.
The centaur shoots an arrow.
The arrow hits you.
Blork the orc gestures at you while chanting.
The puff of flame hits you. You resist.
You take 4 damage, and have 31/48 hp.
You barely miss Blork the orc.
Blork the orc is severely wounded.
The centaur shoots an arrow.
The arrow hits you!
* * * LOW HITPOINT WARNING * * *
Blork the orc hits you with a +0 glaive.
* * * LOW HITPOINT WARNING * * *
You take 15 damage, and have 16/48 hp.
MASSIVE DAMAGE!!
You hit Blork the orc.
Blork the orc is almost dead.
Blork the orc gestures at you while chanting.
The puff of frost hits you but does no damage.
You resist.
The centaur shoots an arrow.
The arrow barely misses you. Blork the orc completely misses you.
You slash Blork the orc!
You kill Blork the orc!
Cheibriados appreciates the change of pace.
The centaur shoots an arrow.
The arrow hits you!
* * * LOW HITPOINT WARNING * * *
You feel your dexterity returning.
Your Axes skill increases to level 5!
You take 9 damage, and have 7/48 hp.
Unknown command.
You feel very buoyant.
You fly up into the air.
The centaur shoots an arrow.
The arrow hits you!
You die...

███..........█.........
█.....██..>.██.........
█.....██....██.......o.
█......█...............
█......∆...............
█......█..............
█▲███∆████████....███
██.██..███..(██....█
....>.......@).........⌂.
........c........)....█.█
...........!<........█...
█...██...██...██.....█ ..
█... █...██...██.....█ .
..c .....h........!... ..
...................█
...............
█████████▲███..


You could see a centaur.

Vanquished Creatures
  A sky beast (D:4)
  Blork the orc (D:5)
  2 hounds
  An orc priest (D:3)
  An orc wizard (D:3)
  Jessica (D:3)
  2 worker ants (D:4)
  4 adders
  2 adder skeletons (D:4)
  2 worms
  4 dart slugs
  4 leopard geckos
  9 orcs
  2 ball pythons
  2 giant cockroaches (D:1)
  6 goblins
  7 hobgoblins
  8 bats
  4 frilled lizards (D:1)
  5 kobolds
  9 rats
77 creatures vanquished.

Notes
Turn   | Place    | Note
-------+----------+-------------------------------------------
     0 | D:5      | Goblin1989 the Demonspawn Delver began the quest for the
                  | Orb.
     0 | D:5      | Reached XP level 1. HP: 18/18 MP: 1/1
    11 | D:5      | Noticed a centaur
    19 | D:5      | Found an ancient bone altar of Kikubaaqudgha.
    20 | D:5      | Noticed Blork the orc
    33 | D:5      | Noticed a centaur
    34 | D:5      | Noticed a hound
    51 | D:4      | Killed a hound
    52 | D:4      | Reached skill level 3 in Axes
    52 | D:4      | Gained mutation: You have large cloven feet. [demonic
                  | ancestry]
    52 | D:4      | Reached XP level 2. HP: 13/24 MP: 2/2
    52 | D:4      | Gained mutation: You have hoof-like feet. [demonic
                  | ancestry]
    52 | D:4      | Reached XP level 3. HP: 15/29 MP: 3/3
   271 | D:3      | Found a snail-covered altar of Cheibriados.
   284 | D:3      | Became a worshipper of Cheibriados the Contemplative
  1168 | D:1      | Reached * piety under Cheibriados
  1169 | D:1      | Gained mutation: Your flesh is cold resistant. (rC+)
                  | [demonic ancestry]
  1169 | D:1      | Reached XP level 4. HP: 35/35 MP: 4/4
  1309 | D:1      | Reached skill level 4 in Axes
  2098 | D:2      | Found a runed translucent door.
  2099 | D:2      | Noticed Crazy Yiuf
  2566 | D:3      | Reached ** piety under Cheibriados
  2653 | D:3      | Reached skill level 1 in Invocations
  2782 | D:3      | Found a faded altar of an unknown god.
  2785 | D:3      | Noticed Jessica
  2790 | D:3      | Gained mutation: You are partially covered in thin metallic
                  | scales. (AC +2) [demonic ancestry]
  2790 | D:3      | Reached XP level 5. HP: 31/41 MP: 5/5
  2803 | D:3      | Killed Jessica
  2804 | D:3      | Reached skill level 1 in Armour
  3017 | D:3      | Found a sacrificial altar of Ru.
  3422 | D:4      | Noticed a sky beast
  3431 | D:4      | Killed a sky beast
  3431 | D:4      | HP: 2/41 [orc/+0 short sword (6)]
  3444 | D:3      | Reached XP level 6. HP: 21/47 MP: 7/7
  4120 | D:4      | Found a shadowy altar of Dithmenos.
  4558 | D:5      | Killed Blork the orc
  4559 | D:5      | Reached skill level 5 in Axes
  4559 | D:5      | Shot with an arrow by a centaur

Illustrated notes

Levels and vault maps discovered:
D:1:      minmay_arrival_checkered_box, layout_basic,
          chequers_serial_rivers_micro_a, serial_bayou_pond_d
D:2:      layout_loops_ring, serial_aquarium, aquarium_bridge_straight
          [aquarium_subvault_bridge, aquarium_subvault_wall,
          aquarium_subvault_bridge, aquarium_subvault_wall],
          aquarium_window_corridor_1, aquarium_window_2, aquarium_view_2c,
          uniq_crazy_yiuf_cottage
D:3:      layout_loops_ring, nicolae_overflow_hidden_temple,
          kennysheep_slug_shrine, chequers_ecumenical_altar_simple_redux,
          uniq_jessica
D:4:      layout_basic, nicolae_overflow_crystal_walls
D:5:      layout_gridville, lemuel_crystal_altar, minmay_divided_ellipse,
          uniq_duvessa, uniq_pikel, uniq_edmund, uniq_blork_the_orc

Skill      XL: |  1  2  3  4  5  6 |
---------------+-------------------+-----
Axes           | 3 4 5 |  5.0
Dodging        | 2 |  2.7
Invocations    | 1 2 |  2.6
Armour         | 1 |  1.8
Fighting       | |  3.7
Stealth        | |  4.5

Action                   |  1- 3 |  4- 6 || total
-------------------------+-------+-------++-------
Melee: War axe           |    58 |   147 ||   205
       Kick              |     9 |    43 ||    52
  Use: Potion            |     1 |     7 ||     8
       Scroll            |     1 |       ||     1
 Stab: Sleeping          |     4 |     9 ||    13
Armor: Leather armour    |     8 |    33 ||    41
       Skin              |       |    22 ||    22
Dodge: Dodged            |    45 |   128 ||   173
